 Dungeon Crawl Stone Soup version 0.31.0-32-g396128a36d (webtiles) character file.

Game seed: 13911616729069496617

12264 PaiMei the Reanimator (level 11, -4/1 (89) HPs)
             Began as a Demonspawn Necromancer on Apr 17, 2024.
             Was a Follower of Lugonu.
             Killed from afar by an electric eel (5 damage)
             ... with a bolt of electricity
             ... on level 10 of the Dungeon.
             The game lasted 00:23:54 (17001 turns).

PaiMei the Reanimator (Demonspawn Necromancer)     Turns: 17001, Time: 00:23:54

HP:   -4/1 (89)     AC: 11    Str:  8    XL:     11   Next: 60%
MP:   21/23         EV: 15    Int: 19    God:    Lugonu [*.....]
Gold: 724           SH:  4    Dex: 15    Spells: 14/27 levels left

rFire   . . .        a - +2 flail (pain)
rCold   . . .        (no shield)
rNeg    . . .        e - +0 leather armour {rPois}
rPois   +            X - +1 hat
rElec   .            I - +0 cloak
rCorr   .            n - +0 pair of gloves
SInv    .            Y - +0 pair of boots
Will    .....        K - amulet of regeneration
Stlth   ++           f - +4 ring of slaying
HPRegen 1.00/turn    E - +4 ring of protection
MPRegen 0.18/turn

%: no passive effects
@: extremely drained
A: large bone plates 1, powered by pain 2, weakness stinger 2
a: Renounce Religion, Depart the Abyss


You were on level 10 of the Dungeon.
You worshipped Lugonu.
Lugonu was aware of your devotion.
You visited 2 branches of the dungeon, and saw 11 of its levels.
You visited the Abyss 1 time.
You also visited: Sewer and Bailey.

You collected 724 gold pieces.

Inventory:

Hand Weapons
 a - a +2 flail of pain (weapon)
 q - a +0 falchion of pain
 A - a +1 dagger of venom
 F - the +3 mace "Ovotal" {freeze, Str+3 Int-2 Dex+4}
   (You found it on level 5 of the Dungeon)

   Str+3:     It affects your strength (+3).
   Int-2:     It affects your intelligence (-2).
   Dex+4:     It affects your dexterity (+4).
 L - a +2 scimitar of pain
 O - a +3 mace of protection
Missiles
 t - 48 poisoned darts
 x - 2 curare-tipped darts (quivered)
 J - a throwing net
Armour
 e - a +0 leather armour of poison resistance (worn)
 i - an orb of energy
 n - a +0 pair of gloves (worn)
 s - the +5 kite shield of the Beginning {rN+ Will+ MP+9 Str-5}
   (You found it on level 3 of the Dungeon)

   Str-5:     It affects your strength (-5).
   rN+:       It protects you from negative energy.
   Will+:     It increases your willpower.
   MP+9:      It affects your magic capacity (+9).
 I - a +0 cloak (worn)
 M - +0 swamp dragon scales
 X - a +1 hat (worn)
 Y - a +0 pair of boots (worn)
Magical Staves
 P - a staff of death
Jewellery
 f - a +4 ring of slaying (left hand)
 E - a +4 ring of protection (right hand)
 H - a ring of see invisible
 K - an amulet of regeneration (around neck)
 N - a +6 ring of intelligence
Wands
 B - a wand of digging (5)
 D - a wand of polymorph (3)
Scrolls
 c - 4 scrolls of identify
 d - 3 scrolls of butterflies {unknown}
 h - 2 scrolls of amnesia {unknown}
 j - 3 scrolls of poison {unknown}
 k - 3 scrolls of teleportation
 m - 3 scrolls of blinking {unknown}
 o - a scroll of noise {unknown}
 p - a scroll of silence {unknown}
 u - a scroll of revelation {unknown}
 y - 2 scrolls of enchant weapon {unknown}
 G - a scroll of immolation {unknown}
 R - a scroll of fear {unknown}
 V - 2 scrolls of acquirement {unknown}
Potions
 b - 2 potions of magic
 g - 2 potions of attraction {unknown}
 l - 4 potions of curing {unknown}
 r - 3 potions of mutation {unknown}
 v - 3 potions of haste {unknown}
 w - 3 potions of might {unknown}
 z - a potion of invisibility {unknown}
 C - 2 potions of lignification {unknown}
 Q - a potion of experience
 S - a potion of brilliance {unknown}
 T - 2 potions of heal wounds {unknown}
 U - 2 potions of resistance {unknown}
 W - a potion of berserk rage {unknown}
 Z - 7 potions of ambrosia


   Skills:
 + Level 9.3 Fighting
 + Level 8.8 Dodging
 - Level 2.1 Stealth
 + Level 8.9 Spellcasting
 + Level 11.2 Necromancy


You had 14 spell levels left.
You knew the following spells:

 Your Spells              Type           Power      Damage    Failure   Level
a - Necrotise             Necr           100%       1d9       1%          1
b - Vampiric Draining     Necr           50%        2d9       1%          3
c - Animate Dead          Necr           50%        N/A       1%          4
d - Curse of Agony        Necr           50%        N/A       3%          5

Your spell library contained the following spells:

 Spells                   Type           Power      Damage    Failure   Level
 Sublimation of Blood     Necr           50%        N/A       1%          2
 Fugue of the Fallen      Necr           50%        N/A       1%          3
 Cigotuvi's Dreadful Rot  Necr/Alch/Air  44%        N/A       4%          2
 Slow                     Hex            32%        N/A       12%         1
 Martyr's Knell           Necr/Summ      29%        N/A       12%         4
 Confusing Touch          Hex            8%         N/A       36%         3
 Frozen Ramparts          Ice            16%        1d3       36%         3
 Ozocubu's Armour         Ice            8%         N/A       36%         3
 Sigil of Binding         Hex            8%         N/A       36%         3
 Tukima's Dance           Hex            8%         N/A       36%         3
 Dimensional Bullseye     Hex/Tloc       4%         N/A       77%         4
 Iskenderun's Mystic Bla  Conj/Tloc      8%         2d4       77%         4
 Leda's Liquefaction      Alch/Erth      4%         N/A       77%         4
 Manifold Assault         Tloc           8%         N/A       77%         4
 Petrify                  Alch/Erth      8%         N/A       77%         4
 Metabolic Englaciation   Hex/Ice        4%         N/A       98%         5


Dungeon Overview and Level Annotations

Branches:
Dungeon (10/15)            Temple (1/1) D:4           Sewer (visited)
 Bailey (visited)
   Lair: D:8-11         Orc: D:9-12

Altars:
Ashenzari
Cheibriados
Dithmenos
Fedhas
Gozag
Hepliaklqana
Kikubaaqudgha
Makhleb
Nemelex Xobeh
Okawaru
Qazlal
Ru
Sif Muna
Trog
Uskayaw
Vehumet
Wu Jian
Xom
Yredelemnul

Shops:
D:1 :   D:7 *   D:8 (

Annotations:
D:8 Jeremiah
D:9 2 runed translucent doors
D:10 exclusion: oklob plant, Erolcha


Innate Abilities, Weirdness & Mutations

You are partially covered in large bone plates. (SH +4)
You sometimes gain power by taking damage.
You have a tail ending in a sharp stinger.


Message History

The divine experience confuses you!
You are confused.
You start resting.
You feel less confused.
You start resting.
Magic restored.
You start waiting.
Done waiting.
You start waiting.
Done waiting.
There is an open door here.
There is an open door here.
Things that are here:
a +0 robe; a +0 halberd
There is a stone staircase leading down here.
You climb downwards.
Level annotation: exclusion: oklob plant, Erolcha
There is a stone staircase leading up here.
Casting: Vampiric Draining (safe; 1% risk of failure)
Confirm with . or Enter, or press ? or * to list all spells.
You can't see any susceptible monsters within range! (Use Z to cast anyway.)
Casting: Vampiric Draining (safe; 1% risk of failure)
Confirm with . or Enter, or press ? or * to list all spells.
Aiming: Necrotise (safe; 1% risk of failure)
Press: ? - help, Shift-Dir - straight line, f - electric eel
Aim: an electric eel (water, wandering, hasn't noticed you, chance to affect: 88%) Kikubaaqudgha does not allow the disloyal to dabble in death!
You are engulfed in negative energy.
The electric eel writhes in agony!
The electric eel shoots out a bolt of lightning at you!
The bolt of electricity misses you.
Casting: Necrotise (safe; 1% risk of failure)
Confirm with . or Enter, or press ? or * to list all spells.
Aiming: Necrotise (safe; 1% risk of failure)
Press: ? - help, Shift-Dir - straight line, f/p - electric eel
Aim: an electric eel (water, heavily wounded, chance to affect: 88%)
The electric eel writhes in agony.
The electric eel shoots out a bolt of lightning at you!
The bolt of electricity hits the electric eel.
The electric eel completely resists.
The bolt of electricity hits you.
Ouch! That really hurt!
You die...

.......(......###?(..#
#.).[####.# ##.#.#
###$.####.# #....### ≈≈
#.......###....... ≈#
≈#≈≈#.###..........†.
≈≈S≈≈≈≈#.# ##.####.###..
#≈≈≈#≈≈#.# #.# #.# #..
≈≈≈≈S≈##.# #.# #.# #..
≈#≈≈≈≈@.####.####.###..
##≈≈###.................
#
.~~##....<..#.########..
#
.......[.###............
# ###.#.#.##
#.....######. # ##.
##...###.....# #.Z. #
#.# ##.......#### #.## #
### #.###...####.# #.# #
##.## #.#.#.## #.# #.#


You could see 2 electric eels.

Vanquished Creatures
  Harold (D:10)
  A two-headed ogre (D:9)
  2 orc knights (Bailey)
  A manticore (D:8)
  An unseen horror (D:10)
  Maggie (D:6)
  A komodo dragon (D:10)
  A queen bee (D:9)
  A hornet (D:8)
  4 wyverns
  4 yaks
  A vampire mosquito (D:5)
  A water moccasin (D:7)
  A sky beast (D:8)
  3 ice beasts
  2 black bears
  2 ogres
  8 orc warriors
  3 centaurs
  A phantom (D:5)
  9 kobold brigands
  Blork the orc (D:4)
  A bullfrog (D:8)
  A gnoll sergeant (D:8)
  5 scorpions
  12 wights
  22 killer bees
  2 jellies
  A yak zombie (D:9)
  A howler monkey (D:9)
  3 bombardier beetles
  10 hounds
  Crazy Yiuf (D:5)
  3 orc priests
  A gnoll bouda (D:6)
  2 sleepcaps
  2 iguanas (D:6)
  3 orc wizards
  13 gnolls
  13 adders
  4 river rats
  3 ufetubi
  A dart slug (D:5)
  6 ribbon worms
  35 orcs
  5 ball pythons
  11 endoplasms
  6 giant cockroaches
  14 hobgoblins
  22 kobolds
  9 quokkas
  6 bats (D:1)
  2 frilled lizards
  17 goblins
  5 rats
292 creatures vanquished.

Vanquished Creatures (collateral kills)
  An orc knight (Bailey)
  A vampire (D:9)
  A yak (D:10)
  A wyvern (D:10)
  An orc warrior (Bailey)
  7 killer bees (D:9)
  A bombardier beetle (D:2)
  An orc wizard (D:10)
  A gnoll (Bailey)
  An ufetubus (D:7)
  A ribbon worm (D:4)
  5 orcs
  A goblin (D:8)
  2 hobgoblins (D:1)
  A ball python (D:1)
  A frilled lizard (D:1)
27 creatures vanquished.

Vanquished Creatures (others)
  A two-headed ogre zombie (D:9)
  3 wyvern zombies
  A scorpion zombie (D:7)
  An ogre zombie (D:7)
  An orc (D:10)
  A gnoll zombie (Bailey)
  A goblin zombie (Bailey)
  A hobgoblin zombie (Bailey)
  5 orc zombies (Bailey)
15 creatures vanquished.

Grand Total: 334 creatures vanquished

Notes
Turn   | Place    | Note
-------+----------+-------------------------------------------
     0 | D:1      | PaiMei the Demonspawn Necromancer began the quest for the
                  | Orb.
     0 | D:1      | Reached XP level 1. HP: 13/13 MP: 3/3
   311 | D:1      | Gained mutation: You are partially covered in large bone
                  | plates. (SH +4) [demonic ancestry]
   311 | D:1      | Reached XP level 2. HP: 19/19 MP: 0/5
   701 | D:1      | Found Laumer's Book Shoppe.
   709 | D:1      | Gained mutation: You sometimes gain a little power by
                  | taking damage. [demonic ancestry]
   709 | D:1      | Reached XP level 3. HP: 11/24 MP: 0/6
  1590 | D:2      | Reached skill level 1 in Fighting
  1745 | D:2      | Reached XP level 4. HP: 32/32 MP: 4/7
  2267 | D:2      | Reached skill level 5 in Necromancy
  2614 | D:3      | Found a hide-covered altar of Uskayaw.
  3014 | D:3      | Reached XP level 5. HP: 38/38 MP: 7/9
  3297 | D:3      | Identified the +5 kite shield of the Beginning {rN+ Will+
                  | MP+9 Str-5}
  3723 | D:4      | Found an ornate altar of the Wu Jian Council.
  4030 | D:4      | Found a glowing drain.
  4034 | Sewer    | Entered a sewer
  4066 | Sewer    | Reached XP level 6. HP: 30/46 MP: 2/11
  4238 | Sewer    | Learned a level 3 spell: Vampiric Draining
  4243 | Sewer    | Learned a level 4 spell: Animate Dead
  4835 | Sewer    | Reached skill level 6 in Necromancy
  4835 | Sewer    | Reached XP level 7. HP: 52/52 MP: 6/12
  5190 | D:4      | Found a staircase to the Ecumenical Temple.
  5498 | D:4      | Found a broken altar of Ashenzari.
  5652 | D:5      | Entered Level 5 of the Dungeon
  5737 | D:5      | Noticed Blork the orc
  6093 | D:4      | Killed Blork the orc
  6471 | D:5      | Found a runed translucent door.
  6472 | D:5      | Noticed Crazy Yiuf
  6609 | D:5      | Gained mutation: You sometimes gain power by taking damage.
                  | [demonic ancestry]
  6609 | D:5      | Reached XP level 8. HP: 60/60 MP: 8/15
  6678 | D:5      | Identified the +3 mace "Ovotal" {freeze, Str+3 Int-2 Dex+4}
  6903 | D:5      | Reached skill level 5 in Spellcasting
  6903 | D:5      | Reached skill level 7 in Necromancy
  6907 | D:5      | Reached skill level 5 in Dodging
  7128 | D:5      | Reached skill level 5 in Fighting
  7465 | D:5      | Killed Crazy Yiuf
  8020 | D:6      | Noticed Maggie
  8037 | D:6      | Killed Maggie
  8038 | D:6      | Gained mutation: You have a small tail. [demonic ancestry]
  8038 | D:6      | Reached XP level 9. HP: 65/68 MP: 3/17
  8533 | D:6      | Reached skill level 8 in Necromancy
  9818 | D:7      | Found Macab's Merry Market.
 10134 | D:8      | Found a flagged portal.
 10255 | D:8      | Learned a level 5 spell: Curse of Agony
 10256 | Bailey   | Entered a bailey
 10311 | Bailey   | Reached skill level 9 in Necromancy
 10518 | Bailey   | Noticed an orc knight
 10518 | Bailey   | Noticed an orc knight
 10563 | Bailey   | Killed an orc knight
 10564 | Bailey   | Reached XP level 10. HP: 30/79 MP: 16/20
 10607 | Bailey   | Killed an orc knight
 10680 | Bailey   | Noticed an orc knight
 10694 | Bailey   | Killed an orc knight
 10794 | Bailey   | Noticed an orc warlord
 11402 | D:8      | Noticed Jeremiah
 12398 | D:8      | Reached skill level 10 in Necromancy
 12431 | D:8      | Noticed a manticore
 13384 | D:8      | Killed a manticore
 13456 | D:8      | Found Kotunewn's Antique Weapon Emporium.
 14000 | Temple   | Entered the Ecumenical Temple
 14015 | Temple   | Became a worshipper of Kikubaaqudgha
 14330 | D:9      | Noticed a two-headed ogre
 14342 | D:9      | Killed a two-headed ogre
 14343 | D:9      | Gained mutation: You have a tail ending in a sharp stinger.
                  | [demonic ancestry]
 14343 | D:9      | Reached XP level 11. HP: 79/87 MP: 6/23
 14716 | D:9      | Found a runed translucent door.
 14718 | D:9      | Found a runed translucent door.
 15414 | D:9      | Reached * piety under Kikubaaqudgha
 15414 | D:9      | Received a gift from Kikubaaqudgha
 15553 | D:9      | Found a snail-covered altar of Cheibriados.
 15553 | D:9      | Found a stormy altar of Qazlal.
 15910 | D:10     | Entered Level 10 of the Dungeon
 16109 | D:10     | Noticed Erolcha
 16274 | D:10     | Noticed Harold
 16286 | D:10     | Killed Harold
 16287 | D:10     | Reached skill level 11 in Necromancy
 16287 | D:10     | Noticed an oklob plant
 16356 | Abyss:1  | Cast into level 1 of the Abyss (Erolcha)
 16392 | Abyss:1  | Found a corrupted altar of Lugonu.
 16403 | Abyss:1  | Noticed a tentacled starspawn
 16445 | Abyss:1  | Noticed a starcursed mass
 16471 | Abyss:1  | Found a corrupted altar of Lugonu.
 16476 | Abyss:1  | Fell from the grace of Kikubaaqudgha
 16476 | Abyss:1  | Became a worshipper of Lugonu the Unformed
 16476 | Abyss:1  | Reached * piety under Lugonu
 16476 | Abyss:1  | Reached ** piety under Lugonu
 16477 | D:10     | Escaped the Abyss
 16614 | D:10     | Noticed a two-headed ogre
 17001 | D:10     | Killed from afar by an electric eel

Illustrated notes

Levels and vault maps discovered:
D:1:      lightli_arrival_statuegarden, layout_basic, serial_shops, shop
D:2:      layout_loops_ring, minmay_liquid_box
D:3:      layout_basic, mainiacjoe_overflow_surrounded_room
D:4:      layout_cave_pools, nicolae_overflow_crystal_walls, kennysheep_mini,
          minmay_temple_entry_tees, gup_sewer_entry_spiral
D:5:      cheibrodos_barr_body, layout_rooms, st_stairs_13,
          kennysheep_cluttered_room, uniq_crazy_yiuf_cottage, uniq_blork_the_orc
D:6:      minmay_skewed_foursquare, layout_basic, st_stairs_3, uniq_maggie
D:7:      layout_basic, nicolae_alphabet_shops, nrook_mini_backslash
D:8:      kennysheep_six_static_rooms, layout_basic, enter_bailey_5,
          serial_shops, nicolae_diamond_shop, uniq_jeremiah
D:9:      lemuel_insect_pit, layout_basic, amethyst_overflow_temple_binary,
          special_room [special_room_bee], roderic_three_in_a_row
D:10:     layout_loops_ring, dpeg_oklobed_lair, david_orc_4, minivault_4,
          uniq_harold, uniq_erolcha
Temple:   bh_familiar_temple

Skill      XL: |  1  2  3  4  5  6  7  8  9 10 11 |
---------------+----------------------------------+-----
Stealth        | 2 |  2.1
Dodging        | 2 3 4 5 6 8 |  8.8
Fighting       | 1 2 3 4 5 7 8 9 |  9.3
Necromancy     | 5 6 7 9 10 11 | 11.2
Spellcasting   | 3 4 5 7 8 |  8.9

Action                     |  1- 3 |  4- 6 |  7- 9 | 10-12 || total
---------------------------+-------+-------+-------+-------++-------
  Melee: Unarmed           |    13 |       |       |       ||    13
         Whip              |    18 |     1 |       |       ||    19
         Flail             |       |    28 |   118 |   235 ||   381
         Punch             |       |     1 |     1 |     3 ||     5
         Falchion          |       |     1 |       |       ||     1
         Tailslap          |       |       |     4 |    38 ||    42
   Cast: Necrotise         |    76 |   141 |   101 |    27 ||   345
         Vampiric Draining |       |     3 |    88 |   100 ||   191
         Animate Dead      |       |       |     5 |     4 ||     9
         Curse of Agony    |       |       |       |     4 ||     4
 Invoke: Depart the Abyss  |       |       |       |     1 ||     1
    Use: Scroll            |       |       |       |     3 ||     3
   Stab: Sleeping          |       |       |     1 |       ||     1
         Distracted        |       |       |       |     1 ||     1
 Armour: Robe              |    32 |     8 |       |       ||    40
         Leather armour    |       |    37 |   169 |   308 ||   514
  Dodge: Dodged            |    48 |    34 |   194 |   383 ||   659
  Block: Other             |     8 |     8 |    48 |    78 ||   142
